 Dungeon Crawl Stone Soup version 0.30.1 (webtiles) character file.

Game seed: 3778936150791492560

58 FallenXxXSky the Trooper (level 4, 0/34 HPs)
             Began as a Human Wanderer on July 11, 2023.
             Slain by Sigmund
             ... wielding a +0 scythe of protection
              (11 damage)
             ... on level 2 of the Dungeon.
             The game lasted 00:01:58 (1405 turns).

FallenXxXSky the Trooper (Human Wanderer)           Turns: 1405, Time: 00:01:58

Health: 0/34       AC:  3    Str: 12    XL:     4   Next: 20%
Magic:  7/7        EV: 12    Int: 11    God:
Gold:   64         SH:  0    Dex: 16    Spells: 6/7 levels left

rFire   . . .        a - +0 dagger
rCold   . . .        (no shield)
rNeg    . . .        l - +0 leather armour {rPois}
rPois   +            i - +0 hat
rElec   .            (no cloak)
rCorr   .            (no gloves)
SInv    .            (no boots)
Will    .....        (no amulet)
Stlth   ++           (no ring)
HPRegen 0.25/turn    (no ring)
MPRegen 0.10/turn

%: no passive effects
@: no status effects
A: no striking features
a: no special abilities


You were on level 2 of the Dungeon.
You visited 1 branch of the dungeon, and saw 2 of its levels.

You collected 64 gold pieces.

Inventory:

Hand Weapons
 a - a +0 dagger (weapon)
Missiles
 b - an atropa-tipped dart (quivered)
 c - a datura-tipped dart
 k - 3 boomerangs
Armour
 i - a +0 hat (worn)
 l - a +0 leather armour of poison resistance (worn)
Scrolls
 e - a scroll of fear
 f - a scroll of fog {unknown}
 g - a scroll of brand weapon {unknown}
Potions
 d - a potion of lignification
 h - 2 potions of brilliance {unknown}
 j - a potion of curing {unknown}
 m - a potion of mutation {unknown}


   Skills:
 + Level 2.6 Fighting
 + Level 2.3 Short Blades
 - Level 1.0 Armour
 - Level 2.0 Dodging
 - Level 2.0 Stealth
 - Level 2.0 Spellcasting
 - Level 2.0 Ice Magic


You had 6 spell levels left.
You knew the following spells:

 Your Spells              Type           Power      Damage    Failure   Level
a - Freeze                Ice            20%        1d4       16%         1

Your spell library contained the following spells:

 Spells                   Type           Power      Damage    Failure   Level
 Frozen Ramparts          Ice            10%        1d2       43%         3


Dungeon Overview and Level Annotations

Branches:
Dungeon (2/15)

Altars:

Annotations:
D:2 Sigmund


Message History

The adder hisses angrily.
You hit the goblin.
The goblin is moderately wounded.
The goblin hits you with a +0 dagger.
You hit the goblin but do no damage.
The goblin is moderately wounded.
Sigmund gestures wildly while chanting.
Sigmund flickers and vanishes!
Deactivating autopickup; reactivate with Ctrl-A.
The goblin hits you with a +0 dagger.
You hit the goblin.
The goblin is almost dead.
The goblin closely misses you.
You hit the goblin.
You kill the goblin!
You closely miss the adder. The adder bites you.
You barely miss the adder. The adder bites you. Something hits you.
The adder bites you.
You completely miss the adder. The adder misses you.
You hit the adder but do no damage.
A magic dart appears from out of thin air!
The magic dart hits you. The adder misses you.
You hit the adder but do no damage. The adder misses you.
Something hits you but does no damage.
You closely miss the adder. The adder closely misses you.
You barely miss the adder. The adder bites you but does no damage.
Something hits you.
An adder is nearby!
The adder bites you. The adder attacks as you move away!
The adder barely misses you.
You hit the adder.
The adder is moderately wounded.
The adder closely misses you. Something hits you!
You barely miss the adder.
The adder is moderately wounded.
The adder closely misses you.
You hit the adder.
The adder is moderately wounded.
The adder bites you. Something hits you!
You die...

#.# #.# #####.# ......#
#####.# #(# #.#
#####.###################
...............S@†.)...>#
#####.#.#####.{########.#
#.#.# #.).# #.# #.#.#
#.#.# #.# #.#.# #.....#
#.# #.#.#...###...# #.#
..#...#. .#... #.#
###.....# ......##.#
...#...S.....#...


You could see an adder.

Vanquished Creatures
  3 adders (D:2)
  5 ball pythons
  6 endoplasms (D:1)
  A giant cockroach (D:1)
  6 goblins
  A hobgoblin (D:2)
  A quokka (D:1)
  2 bats (D:1)
  A frilled lizard (D:2)
  2 rats
28 creatures vanquished.

Vanquished Creatures (others)
  A minotaur (D:1)
  A draconian (D:1)
  An octopode (D:1)
  A gargoyle (D:1)
  A troll (D:1)
  A vampire (D:1)
  A spriggan (D:1)
  A demigod (D:1)
  A tengu (D:1)
  A felid (D:1)
  A gnoll (D:1)
  An orc (D:1)
  4 tentacles (D:1)
16 creatures vanquished.

Grand Total: 44 creatures vanquished

Notes
Turn   | Place    | Note
-------+----------+-------------------------------------------
     0 | D:1      | FallenXxXSky the Human Wanderer began the quest for the
                  | Orb.
     0 | D:1      | FallenXxXSky set off with the following items: a +0 dagger,
                  | an atropa-tipped dart, a datura-tipped dart, a potion of
                  | lignification, a scroll of fear, a +0 robe; and the
                  | following spell memorised: Freeze; and the following spells
                  | available to memorise: Frozen Ramparts.
     0 | D:1      | Reached XP level 1. HP: 15/15 MP: 3/3
     0 | D:1      | Noticed a draconian
     0 | D:1      | Noticed a demigod
     0 | D:1      | Noticed an octopode
     0 | D:1      | Noticed a vampire
     0 | D:1      | Noticed a troll
     0 | D:1      | Noticed a kraken
     0 | D:1      | Noticed a felid
     0 | D:1      | Noticed a minotaur
     0 | D:1      | Noticed a spriggan
     0 | D:1      | Noticed a gargoyle
     0 | D:1      | Noticed a tengu
     2 | D:1      | Killed a felid
     3 | D:1      | Killed an octopode
     5 | D:1      | Killed a tengu
     8 | D:1      | Killed a vampire
    10 | D:1      | Killed a troll
    11 | D:1      | Killed a spriggan
    11 | D:1      | Killed a draconian
    13 | D:1      | Killed a gargoyle
    14 | D:1      | Killed a demigod
    16 | D:1      | Killed a minotaur
   144 | D:1      | Reached XP level 2. HP: 20/21 MP: 5/5
   150 | D:1      | Reached skill level 1 in Short Blades
   773 | D:1      | Reached XP level 3. HP: 24/27 MP: 6/6
  1312 | D:2      | Noticed Sigmund
  1339 | D:2      | Reached XP level 4. HP: 28/34 MP: 7/7
  1405 | D:2      | Slain by Sigmund

Illustrated notes

Levels and vault maps discovered:
D:1:      nicolae_arrival_kraken_aquarium_a, layout_basic
D:2:      layout_basic, minmay_fractal_squares_5, uniq_sigmund

Skill      XL: |  1  2  3 |
---------------+----------+-----
Short Blades   | 1 2 |  2.3
Fighting       | 2 |  2.6
Armour         | |  1.0
Dodging        | |  2.0
Stealth        | |  2.0
Spellcasting   | |  2.0
Ice Magic      | |  2.0

Action                     |  1- 3 |  4- 6 || total
---------------------------+-------+-------++-------
  Melee: Dagger            |   139 |    18 ||   157
         Punch             |     1 |       ||     1
   Stab: Sleeping          |     1 |       ||     1
 Armour: Robe              |    17 |       ||    17
         Leather armour    |     8 |     2 ||    10
  Dodge: Dodged            |    74 |    10 ||    84
